 Dungeon Crawl Stone Soup version 0.30-a0-930-gb9d0489357 (webtiles) character file.

Game seed: 11424642128786046106

1322 Iniera the Poker (level 8, -4/63 HPs)
             Began as a Mummy Fighter on Mar 24, 2023.
             Slain by an iguana (10 damage)
             ... on level 5 of the Dungeon.
             The game lasted 00:08:27 (5072 turns).

Iniera the Poker (Mummy Fighter)                    Turns: 5072, Time: 00:08:28

Health: -4/63      AC: 11    Str: 27    XL:     8   Next: 33%
Magic:  8/8        EV:  8    Int:  8    God:
Gold:   79         SH:  4    Dex: 11    Spells: 7/7 levels left

rFire   x . .      SeeInvis .    a - +0 trident
rCold   + . .      Faith    +    c - +0 buckler
rNeg    + + +      Spirit   .    i - +0 chain mail
rPois   ∞          Reflect  .    f - +0 hat
rElec   .          Rampage  .    (no cloak)
rCorr   .                        p - +0 pair of gloves
Will    +....                    k - +0 pair of boots Stlth
                                 j - amulet of regeneration
HPRegen 1.10/turn                m - +4 ring of slaying
MPRegen 0.11/turn                o - +6 ring of strength

@: no status effects
A: cold resistance 1, negative energy resistance 3, torment resistance 2, heat
vulnerability 1, in touch with death 1, no potions, faith
a: no special abilities


You were on level 5 of the Dungeon.
You visited 2 branches of the dungeon, and saw 6 of its levels.

You collected 241 gold pieces.
You spent 162 gold pieces at shops.

Inventory:

Hand Weapons
 a - a +0 trident (weapon)
Missiles
 d - a throwing net
 h - 11 poisoned darts (quivered)
Armour
 c - a +0 buckler (worn)
 f - a +0 hat (worn)
 i - a +0 chain mail (worn)
 k - a +0 pair of boots (worn)
 p - a +0 pair of gloves (worn)
Jewellery
 j - an amulet of regeneration (around neck)
 m - a +4 ring of slaying (left hand)
 o - a +6 ring of strength (right hand)
 s - a ring of protection from cold
Wands
 b - a wand of iceblast (8)
 q - a wand of light (4)
Scrolls
 g - 2 scrolls of teleportation
 l - 3 scrolls of magic mapping
 n - a scroll of immolation
 r - a scroll of blinking


   Skills:
 + Level 5.5 Fighting
 * Level 7.8 Polearms
 - Level 2.4 Armour
 - Level 2.4 Shields


You had 7 spell levels left.
You didn't know any spells.
Your spell library contained the following spells:

 Spells                   Type           Power      Damage    Failure   Level
 Magic Dart               Conj           0%         1d3       98%         1
 Searing Ray              Conj           0%         2d4       99%         2
 Fulminant Prism          Conj/Hex       0%         3d5       100%        4


Dungeon Overview and Level Annotations

Branches:
Dungeon (5/15)             Temple (1/1) D:4

Altars:
Ashenzari
Cheibriados
Dithmenos
Fedhas
Gozag
Kikubaaqudgha
Qazlal
Ru
Sif Muna
Trog
Uskayaw
Vehumet
Wu Jian
Xom
Yredelemnul

Shops:
D:5 *


Innate Abilities, Weirdness & Mutations

You are immune to poison.
Your flesh is cold resistant. (rC+)
You are immune to negative energy. (rN+++)
You are immune to unholy pain and torment.
You are vulnerable to heat. (rF-)
You are in touch with the powers of death.
You do not drink.
You have a special connection with the divine. (Faith)


Message History

You closely miss the ogre. The ogre hits you with a +0 giant club!
You closely miss the ogre.
The ogre hits you with a +0 giant club!!
You are too injured to fight recklessly!
You are too injured to fight recklessly!
You are too injured to fight recklessly!
You are too injured to fight recklessly!
You hit the ogre.
The ogre is lightly wounded.
You puncture the ogre!
The ogre is heavily wounded.
The ogre hits you with a +0 giant club!
You hit the ogre.
The ogre is heavily wounded.
You block the ogre's attack.
You puncture the ogre!
You kill the ogre!
The iguana bites you but does no damage.
You hit the iguana.
The iguana is lightly wounded.
The iguana bites you!
* * * LOW HITPOINT WARNING * * *
You closely miss the iguana.
The iguana is lightly wounded.
The iguana closely misses you.
You puncture the iguana!
The iguana is heavily wounded.
The iguana bites you!
* * * LOW HITPOINT WARNING * * *
You hit the iguana.
The iguana is severely wounded.
You block the iguana's attack.
You hit the iguana but do no damage.
The iguana is severely wounded.
The iguana bites you.
* * * LOW HITPOINT WARNING * * *
You hit the iguana but do no damage.
The iguana is severely wounded.
The iguana bites you!
You die...

#...⌠..⌠..⌠...'..##.....#)).#..
#....#...#....#..########'###..
#....##.##....#..##....#.......
#......⌠......#........#.....##
#.............#........#...).#.
#.....).......#........+.....#.
#.............#..##....#.....#.
###############..###'###.....#.
#.........l@..#.).........#.
#.........)...#.<.........#.
#..)..........#...........#.
...##...##...#...........#.
#...##...#...........#.
######........#...........#.
#...##...##.##########'####.
#........##.'..>..∩.)....#..
#..........)####≈≈####...#..


You could see an iguana.

Vanquished Creatures
  Edmund (D:4)
  Menkaure (D:4)
  An ice beast (D:5)
  An ogre (D:5)
  A phantom (D:5)
  Blork the orc (D:4)
  2 scorpions
  A bullfrog (D:5)
  A wight (D:3)
  2 jellies (D:5)
  A gnoll bouda (D:5)
  3 orc priests
  An iguana (D:4)
  4 orc wizards
  5 gnolls (D:5)
  7 adders
  3 dart slugs
  14 orcs
  9 endoplasms
  6 giant cockroaches
  6 goblins
  7 hobgoblins
  5 jackals
  16 kobolds
  2 quokkas
  11 ball pythons
  7 bats
  2 frilled lizards
  7 rats
128 creatures vanquished.

Notes
Turn   | Place    | Note
-------+----------+-------------------------------------------
     0 | D:1      | Iniera the Mummy Fighter began the quest for the Orb.
     0 | D:1      | Reached XP level 1. HP: 18/18 MP: 1/1
    73 | D:1      | Reached skill level 2 in Polearms
   100 | D:1      | Reached XP level 2. HP: 24/24 MP: 2/2
   507 | D:1      | Gained mutation: You are in touch with the powers of death.
                  | [Mummy growth]
   507 | D:1      | Reached XP level 3. HP: 28/29 MP: 3/3
   595 | D:1      | Reached skill level 3 in Polearms
  1836 | D:3      | Found a faded altar of an unknown god.
  1893 | D:3      | Noticed a wight
  1910 | D:3      | Killed a wight
  1911 | D:3      | Reached skill level 4 in Polearms
  1911 | D:3      | Reached XP level 4. HP: 26/35 MP: 4/4
  2487 | D:3      | Found a bloodstained altar of Trog.
  2512 | D:3      | Reached XP level 5. HP: 41/41 MP: 5/5
  2787 | D:4      | Noticed Edmund
  2958 | D:4      | Found a shadowy altar of Dithmenos.
  2960 | D:4      | Noticed Menkaure
  2974 | D:4      | Killed Menkaure
  2975 | D:4      | Reached skill level 5 in Polearms
  2975 | D:4      | Reached XP level 6. HP: 15/47 MP: 6/6
  3151 | D:4      | Killed Edmund
  3158 | D:4      | Reached skill level 6 in Polearms
  3158 | D:4      | Reached XP level 7. HP: 12/53 MP: 7/7
  3378 | D:4      | Found a staircase to the Ecumenical Temple.
  3432 | Temple   | Entered the Ecumenical Temple
  4102 | D:4      | Found an opulent altar of Gozag.
  4105 | D:4      | Noticed Blork the orc
  4116 | D:4      | Killed Blork the orc
  4289 | D:5      | Entered Level 5 of the Dungeon
  4289 | D:5      | Found Velav's Assorted Antiques.
  4409 | D:5      | Bought a scroll of identify for 36 gold pieces
  4442 | D:5      | Bought a scroll labelled NACUSU LEMI for 18 gold pieces
  4442 | D:5      | Bought a scroll labelled NACUSU LEMI for 18 gold pieces
  4442 | D:5      | Bought a bronze ring for 90 gold pieces
  4707 | D:5      | Reached skill level 7 in Polearms
  4917 | D:5      | Reached skill level 5 in Fighting
  4917 | D:5      | Reached XP level 8. HP: 62/62 MP: 8/8
  5072 | D:5      | Slain by an iguana

Illustrated notes

Levels and vault maps discovered:
D:1:      dpeg_arrival_erosion, layout_basic, reono_crystal_passage,
          serial_bayou_pond_d
D:2:      layout_loops_ring, dk_noncrumbling_2
D:3:      layout_loops_ring, trog_hazing_becter,
          nicolae_ecumenical_snake_handling, st_stairs_2
D:4:      layout_basic, mainiacjoe_overflow_brackets, grunt_gozag_statues,
          temple_pool_b, chequers_serial_rivers_micro_e, chequers_mini_garden,
          uniq_edmund, uniq_blork_the_orc, uniq_menkaure
D:5:      layout_gridville, serial_shops, nicolae_shop_hallway_stairs,
          kennysheep_generic_room_2
Temple:   minmay_temple_curvy_branch

Skill      XL: |  1  2  3  4  5  6  7 |
---------------+----------------------+-----
Polearms       | 2 4 5 6 7 |  7.8
Fighting       | 5 |  5.5
Armour         | |  2.4
Shields        | |  2.4

Action                     |  1- 3 |  4- 6 |  7- 9 || total
---------------------------+-------+-------+-------++-------
  Melee: Trident           |   183 |   115 |   153 ||   451
  Throw: Dart              |       |     6 |       ||     6
    Use: Scroll            |       |     5 |     5 ||    10
 Armour: Scale mail        |    58 |       |       ||    58
         Chain mail        |    17 |    67 |    52 ||   136
  Dodge: Dodged            |    83 |    50 |    31 ||   164
  Block: Buckler           |    41 |    14 |    24 ||    79

Table legend: (Time is in decaauts)
 A = Elapsed time spent in this place.
 B = Non-inter-level travel time spent in this place.
 C = Inter-level travel time spent in this place.
 D = Time resting spent in this place.
 E = Time spent auto-exploring this place.
 F = Levels seen in this place.
 G = Mean time per level.
                   A        B        C        D        E       F      G
               +--------+--------+--------+--------+--------+-----+--------+
         Total |   5141 |   4985 |    156 |    702 |   3070 |   6 |  856.8 |
       Dungeon |   4889 |   4739 |    150 |    702 |   2826 |   5 |  977.8 |
        Temple |    251 |    246 |      5 |      0 |    244 |   1 |  251.0 |
               +--------+--------+--------+--------+--------+-----+--------+

Top non-repeatable levels by time:
     D:4: 1513 daAuts
     D:1: 939 daAuts
     D:2: 912 daAuts
     D:3: 895 daAuts
     D:5: 628 daAuts
  Temple: 251 daAuts
